 Dungeon Crawl Stone Soup version 0.31-a0-188-g5e087ee2ca (webtiles) character file.

Game seed: 9621871306653678027

21 qw the Shooter (level 2, 0/16 HPs)
             Began as a Deep Elf Hunter on June 22, 2023.
             Slain by a jackal (1 damage)
             ... on level 1 of the Dungeon.
             The game lasted 00:00:11 (592 turns).

qw the Shooter (Deep Elf Hunter)                     Turns: 592, Time: 00:00:12

Health: 0/16       AC:  4    Str:  8    XL:     2   Next: 62%
Magic:  4/4        EV: 12    Int: 13    God:
Gold:   62         SH:  0    Dex: 18    Spells: 1/1 levels left

rFire   . . .        Y - +0 shortbow
rCold   . . .        (shield currently unavailable)
rNeg    . . .        c - +0 leather armour
rPois   +            i - +0 helmet
rElec   .            (no cloak)
rCorr   .            (no gloves)
SInv    .            (no boots)
Will    .....        (no amulet)
Stlth   ++           f - ring of poison resistance
HPRegen 0.22/turn    (no ring)
MPRegen 0.09/turn

%: no passive effects
@: no status effects
A: no striking features
a: no special abilities


You were on level 1 of the Dungeon.
You visited 1 branch of the dungeon, and saw 2 of its levels.

You collected 62 gold pieces.


   Skills:
 - Level 1.5 Fighting
 + Level 6.4 Ranged Weapons
 - Level 2.4 Dodging
 - Level 1.2 Stealth


You had one spell level left.
You didn't know any spells.
Your spell library was empty.

Inventory:

Hand Weapons
 Y - a +0 shortbow (weapon)
Armour
 c - a +0 leather armour (worn)
 i - a +0 helmet (worn)
Jewellery
 f - a ring of poison resistance (left hand)
Potions
 e - a potion of enlightenment

Dungeon Overview and Level Annotations

Branches:
Dungeon (2/15)

Altars:


Message History

You feel your willpower return. The jackal barely misses you.
The adder closely misses you. The jackal barely misses you.
You shoot an arrow.
The arrow hits the adder but does no damage.
The adder is almost dead.
The adder bites you. The jackal barely misses you.
The adder bites you but does no damage. The jackal bites you.
You shoot an arrow. The arrow misses the adder.
The arrow closely misses the kobold.
The adder bites you but does no damage. The jackal barely misses you.
You shoot an arrow. The arrow hits the adder.
You kill the adder!
The jackal closely misses you. x2; The kobold hits you with a +0 dagger.
You shoot an arrow. The arrow barely misses the kobold.
The jackal misses you. The kobold misses you.
You shoot an arrow.
The arrow hits the kobold but does no damage.
The jackal closely misses you. The jackal bites you.
The kobold hits you but does no damage.
You shoot an arrow. The arrow misses the kobold.
The jackal barely misses you. The kobold misses you.
The jackal bites you but does no damage.
You shoot an arrow. The arrow hits the kobold!
You kill the kobold!
You shoot an arrow. The arrow barely misses the jackal.
The jackal bites you but does no damage.
The jackal bites you.
The jackal bites you but does no damage. x2
You shoot an arrow. The arrow barely misses the jackal.
The jackal barely misses you. x2
The jackal bites you but does no damage.
You shoot an arrow.
The arrow hits the jackal but does no damage.
The jackal bites you but does no damage.
The jackal bites you. x2
You shoot an arrow.
The arrow hits the jackal but does no damage.
The jackal barely misses you. The jackal bites you.
You die...

### #.#.# #.#
########.#.# #.#
.........#.# #.#
..########.###.#
.........#...#.#
...#####.###.#.#
...# #.# #.#.#
...#####.###.#.###
..............hh@#
....####.###.###h#
....# #.....# #.#
....# ####### #.#
##### #.# #.# #.#
##.# #..#


You could see 3 jackals.

Vanquished Creatures
  An adder (D:1)
  2 bats (D:1)
  2 endoplasms (D:1)
  A goblin (D:1)
  A hobgoblin (D:1)
  A ball python (D:1)
  A kobold (D:1)
  2 rats (D:1)
11 creatures vanquished.

Notes
Turn   | Place    | Note
-------+----------+-------------------------------------------
     0 | D:1      | qw the Deep Elf Hunter began the quest for the Orb.
     0 | D:1      | Reached XP level 1. HP: 12/12 MP: 3/3
     0 | D:1      | 0 ||| qw: Version: 0.3-a-9-g12657ce
     0 | D:1      | 0 ||| qw: Game counter: 2874
     0 | D:1      | 0 ||| qw: Always use a shield: true
     0 | D:1      | 0 ||| qw: God list: Okawaru
     0 | D:1      | 0 ||| qw: Allow faded altars: false
     0 | D:1      | 0 ||| qw: Do Orc after D:15 true
     0 | D:1      | 0 ||| qw: Do second Lair branch before Depths: true
     0 | D:1      | 0 ||| qw: Lair rune preference: random
     0 | D:1      | 0 ||| qw: Plans: Normal
     0 | D:1      | 0 ||| PLANNING D:1-11
   279 | D:1      | Reached XP level 2. HP: 12/16 MP: 4/4
   285 | D:1      | 285 ||| FLEEEEING.
   286 | D:1      | 286 ||| FLEEEEING.
   350 | D:1      | Reached skill level 6 in Ranged Weapons
   540 | D:1      | 540 ||| UPGRADING to +0 helmet.
   545 | D:1      | 545 ||| UPGRADING to ring of poison resistance.
   546 | D:1      | 546 ||| READING scroll labelled MOPSOMUCKORGH.
   547 | D:1      | 547 ||| READING scroll labelled FUMES GAWA.
   548 | D:1      | 548 ||| READING scroll labelled VUYTWI FOAWO.
   549 | D:1      | 549 ||| DRINKING 2 lumpy pink potions.
   550 | D:1      | 550 ||| DRINKING 2 sedimented brown potions.
   551 | D:1      | 551 ||| DROPPING scroll of butterflies.
   552 | D:1      | 552 ||| DROPPING potion of attraction.
   578 | D:2      | 578 ||| STAIRDANCE
   591 | D:1      | HP: 3/16 [jackal (3)]
   591 | D:1      | HP: 1/16 [jackal (2)]
   592 | D:1      | Slain by a jackal

Levels and vault maps discovered:
D:1:      amcnicky_arrival_wind_blow, layout_basic
D:2:      layout_loops_cross, hellmonk_ecumenical_altar_heavens_door,
          uniq_crazy_yiuf_cottage

Skill      XL: |  1  2 |
---------------+-------+-----
Ranged Weapons | 6 |  6.4
Fighting       | |  1.5
Dodging        | |  2.4
Stealth        | |  1.2

Action                     || total
---------------------------++-------
   Fire: Shortbow          ||    32
    Use: Scroll            ||     3
         Potion            ||     2
 Armour: Leather armour    ||    15
  Dodge: Dodged            ||    20

Table legend:
 A = Non-vault XP
 B = Vault XP
 C = Vault XP percentage of total XP
 D = Non-vault monster count
 E = Vault monster count
 F = Vault count percentage of total count
                 A         B        C        D         E       F
            +---------+---------+-------+---------+---------+-------
      Total |      30 |       0 |   0.0 |      11 |       0 |   0.0
            +---------+---------+-------+---------+---------+-------
        D:1 |      30 |       0 |   0.0 |      11 |       0 |   0.0
            +---------+---------+-------+---------+---------+-------
